 Dungeon Crawl Stone Soup version 0.23-a0-650-ga4d50d4 (webtiles) character file.

39 Amnesiac the Magician (level 3, 16/16 HPs)
             Began as a Felid Earth Elementalist on Jan 6, 2019.
             Quit the game on level 4 of the Dungeon.
             The game lasted 00:03:05 (1360 turns).

Amnesiac the Magician (Felid Earth Elementalist)    Turns: 1360, Time: 00:03:05

Health: 16/16      AC:  1    Str:  4    XL:     3   Next: 28%
Magic:  8/8        EV: 18    Int: 17    God:
Gold:   52         SH:  0    Dex: 16    Spells: 1/8 levels left
                                        Lives:  0   Deaths: 1

rFire    . . .     SeeInvis +   (weapon unavailable)
rCold    . . .     Gourm    .   (shield unavailable)
rNeg     . . .     Faith    .   (armour unavailable)
rPois    .         Spirit   .   (helmet unavailable)
rElec    .         Reflect  .   (cloak unavailable)
rCorr    .         Harm     .   (gloves unavailable)
MR       .....     Rnd*Tele +   (boots unavailable)
Stlth    +++.......             (no amulet)
HPRegen  0.05/turn              d - ring of teleportation (curse)
MPRegen  0.11/turn              (no ring)

@: quick
A: very small, no armour, no weapons or thrown items, stealth, claws 1, fangs 3,
see invisible, carnivore, speed 1, shaggy fur 1, slow metabolism 1, sharp paws
a: no special abilities


You were on level 4 of the Dungeon.
You were not hungry.

You visited 1 branch of the dungeon, and saw 4 of its levels.

You collected 52 gold pieces.

Inventory:

Missiles
 b - 14 stones
Jewellery
 d - a cursed ring of teleportation (left paw)
Wands
 f - a wand of random effects (16)
Potions
 a - a potion of curing {!q, unknown}
 e - a potion of resistance {!q, unknown}
 g - a potion of might {!q, unknown}
 h - a potion of mutation {!q, unknown}
 i - a potion of heal wounds {!q, unknown}
 j - a potion of ambrosia {!q, unknown}
Comestibles
 c - 4 rations


   Skills:
 + Level 1.8 Fighting
 - Level 2.6 Dodging
 - Level 2.6 Stealth
 * Level 3.2 Spellcasting
 - Level 1.6 Transmutations
 * Level 3.2 Earth Magic


You had one spell level left.
You knew the following spells:

 Your Spells              Type           Power        Failure   Level  Hunger
a - Sandblast             Erth           ##....       4%          1    None
b - Passwall              Tmut/Erth      ##......     10%         2    ##.....
e - Petrify               Tmut/Erth      ##......     54%         4    ####...

Your spell library contained the following spells:

 Spells                   Type           Power        Failure   Level  Hunger
 Stone Arrow              Conj/Erth      #.....       26%         3    ###....
 Lee's Rapid Deconstruct  Erth           ##........   77%         5    ######.


Dungeon Overview and Level Annotations

Branches:
Dungeon (4/15)
 Temple: D:4-7

Altars:
Yredelemnul

Annotations:
D:4 1 transporter, Lanoc's ghost, amateur OpTm


Innate Abilities, Weirdness & Mutations

You cannot wear armour.
You are incapable of wielding weapons or throwing items.
Your paws allow you to move quietly. (Stealth)
You have sharp claws.
You have razor-sharp teeth.
You have supernaturally acute eyesight. (SInv)
You are carnivorous and can eat meat at any time.
You cover ground quickly.
You are covered in fur. (AC +1)
You have a slow metabolism.
Your sharp claws are effective at attacking unaware monsters.


Message History

Found a large silver ring.
Found a transporter.
The helpless orc fails to defend itself.
You scratch the orc.
The orc is severely wounded.
The orc shouts! x2
The orc closely misses you.
Casting: Sandblast (safe; 4% risk of failure)
Confirm with . or Enter, or press ? or * to list all spells.
Aiming: Sandblast (safe; 4% risk of failure)
Press: ? - help, Shift-Dir - straight line, f - orc
Aim: an orc, wielding a +0 dagger (severely wounded)
The blast of sand misses the orc.
The blast of sand hits the orc.
b - 18 stones The orc misses you.
Casting: Sandblast (safe; 4% risk of failure)
Confirm with . or Enter, or press ? or * to list all spells.
Aiming: Sandblast (safe; 4% risk of failure)
Press: ? - help, Shift-Dir - straight line, f/p - orc
Aim: an orc, wielding a +0 dagger (severely wounded)
The blast of sand misses the orc.
b - 17 stones The orc closely misses you.
The orc misses you.
Casting: Sandblast (safe; 4% risk of failure)
Confirm with . or Enter, or press ? or * to list all spells.
Aiming: Sandblast (safe; 4% risk of failure)
Press: ? - help, Shift-Dir - straight line, f/p - orc
Aim: an orc, wielding a +0 dagger (severely wounded)
The blast of sand hits the orc.
You kill the orc!
b - 16 stones The orc misses you.
Wield which item (- for none, * to show all)? (? for menu, Esc to quit)
Okay, then.
You closely miss the orc. The orc hits you with a +0 flail.
You barely miss the orc. The orc hits you with a +0 flail!
Ouch! That really hurt!
* * * LOW HITPOINT WARNING * * *
You scratch the orc.
The orc is moderately wounded.
The orc closely misses you.
Casting: Sandblast (safe; 4% risk of failure)
Confirm with . or Enter, or press ? or * to list all spells.
Aiming: Sandblast (safe; 4% risk of failure)
Press: ? - help, Shift-Dir - straight line, f - orc
Aim: an orc, wielding a +0 flail (moderately wounded)
The blast of sand hits the orc.
You kill the orc!
b - 15 stones
Casting: Sandblast (safe; 4% risk of failure)
Confirm with . or Enter, or press ? or * to list all spells.
Aiming: Sandblast (safe; 4% risk of failure)
Press: ? - help, Shift-Dir - straight line, f - orc
Aim: an orc, wielding a +1 dagger of protection The blast of sand hits the orc.
The orc is heavily wounded.
b - 14 stones The orc hits you with a +1 dagger of protection.
You die...
You are now level 3!
You rejoin the land of the living...
You can't grasp things well enough to throw them.
Unknown command.
Are you sure you want to abandon this character and quit the game? (Confirm

≈≈ #. ##.## #.# .
≈w #..# ##.## ..♣♣
≈≈ #.####...#.....
≈≈
##.###..........#
≈#
#..##.......#...#
.. #.####......#
.# #.
#.#........## .
#.#####.#.###..#.#
.
#.........@......#
######.##.#.#.#.##
#..##.....#.#
#.###.#.###.# #.#
#.#.# #.# #.#.#
#.# #.#.# #.#
#.#.# #.#


There were no monsters in sight!

Vanquished Creatures
  Crazy Yiuf (D:3)
  3 adders (D:3)
  An ooze (D:3)
  2 dart slugs (D:2)
  4 orcs
  3 giant cockroaches
  A goblin (D:2)
  A hobgoblin (D:2)
  A frilled lizard (D:3)
  3 kobolds (D:3)
  3 rats
23 creatures vanquished.

Notes
Turn   | Place    | Note
-------+----------+-------------------------------------------
     0 | D:1      | Amnesiac the Felid Earth Elementalist began the quest for
                  | the Orb.
     0 | D:1      | Reached XP level 1. HP: 7/7 MP: 4/4
   241 | D:2      | Reached XP level 2. HP: 11/11 MP: 2/6
   245 | D:2      | Learned a level 2 spell: Passwall
   426 | D:3      | Reached XP level 3. HP: 9/14 MP: 0/8
   733 | D:3      | Found a basalt altar of Yredelemnul.
   869 | D:3      | Found a runed door.
  1161 | D:3      | Noticed Crazy Yiuf
  1164 | D:3      | Killed Crazy Yiuf
  1164 | D:3      | Reached skill level 1 in Fighting
  1164 | D:3      | Reached XP level 4. HP: 19/19 MP: 5/9
  1196 | D:3      | Learned a level 4 spell: Petrify
  1335 | D:4      | Noticed Lanoc's ghost (amateur OpTm)
  1344 | D:4      | Found a transporter.
  1359 | D:4      | Slain by an orc
  1360 | D:4      | Reached XP level 3. HP: 0/16 MP: 5/8
  1360 | D:4      | Quit the game

Vault maps used:
D:1:      lightli_iron_boxes
D:2:      kennysheep_decorative_pillar, due_unseen_surprise
D:3:      yredelemnul_altar_generic, evilmike_ruin_ashenzari,
          uniq_crazy_yiuf_cottage
D:4:      kennysheep_slugbush, gammafunk_ghost_stat_death, serial_park_tiny_1

Skill      XL: |  1  2  3 |
---------------+----------+-----
Spellcasting   | 3 |  3.2
Earth Magic    | 3 |  3.2
Fighting       | 1 |  1.8
Dodging        | |  2.6
Stealth        | |  2.6
Transmutations | |  1.6

Action                   |  1- 3 |  4- 6 || total
-------------------------+-------+-------++-------
Melee: Unarmed           |    32 |     5 ||    37
       Bite              |     4 |       ||     4
 Cast: Sandblast         |    26 |     9 ||    35
       Passwall          |     2 |       ||     2
  Use: Scroll            |     3 |       ||     3
 Stab: Sleeping          |     2 |     1 ||     3
  Eat: Chunk             |     8 |       ||     8
Armor: Skin              |     2 |       ||     2
Dodge: Dodged            |    33 |     8 ||    41

Table legend:
 A = Non-vault XP
 B = Vault XP
 C = Vault XP percentage of total XP
 D = Non-vault monster count
 E = Vault monster count
 F = Vault count percentage of total count
                 A         B        C        D         E       F
            +---------+---------+-------+---------+---------+-------
      Total |      85 |      41 |  32.5 |      22 |       1 |   4.3
            +---------+---------+-------+---------+---------+-------
        D:2 |      16 |       0 |   0.0 |       7 |       0 |   0.0
        D:3 |      63 |      41 |  39.4 |      13 |       1 |   7.1
        D:4 |       6 |       0 |   0.0 |       2 |       0 |   0.0
            +---------+---------+-------+---------+---------+-------
